 Dungeon Crawl Stone Soup version 0.30.0-15-g856e2d3f33 (webtiles) character file.

Game seed: 14339988597708833658

4 wingedge the Charlatan (level 1, -1/13 HPs)
             Began as a Demonspawn Wanderer on May 19, 2023.
             Frozen to death by an endoplasm (5 damage)
             ... on level 1 of the Dungeon.
             The game lasted 00:02:38 (348 turns).

wingedge the Charlatan (Demonspawn Wanderer)         Turns: 348, Time: 00:02:38

Health: -1/13      AC:  8    Str: 14    XL:     1   Next: 50%
Magic:  3/3        EV:  6    Int: 10    God:
Gold:   0          SH:  4    Dex: 13    Spells: 3/4 levels left

rFire   . . .        i - +0 whip
rCold   . . .        b - +0 buckler
rNeg    . . .        a - +0 chain mail
rPois   .            (no helmet)
rElec   .            (no cloak)
rCorr   .            (no gloves)
SInv    .            (no boots)
Will    .....        (no amulet) Stlth
                     (no ring)
HPRegen 0.22/turn    (no ring)
MPRegen 0.08/turn

%: no passive effects
@: no status effects
A: no striking features
a: no special abilities


You were on level 1 of the Dungeon.
You visited 1 branch of the dungeon, and saw 1 of its levels.

Inventory:

Hand Weapons
 i - a +0 whip (weapon)
Armour
 a - a +0 chain mail (worn)
 b - a +0 buckler (worn)
 d - a +0 leather armour
Scrolls
 c - a scroll of teleportation
 f - a scroll of magic mapping {unknown}
Potions
 g - 2 potions of mutation {unknown}
 h - a potion of flight {unknown}
Miscellaneous
 e - a lightning rod (4/4)


   Skills:
 - Level 1.7 Shields
 - Level 2.0 Spellcasting
 + Level 0.6 Conjurations
 - Level 2.0 Air Magic
 - Level 4.0 Evocations


You had 3 spell levels left.
You knew the following spells:

 Your Spells              Type           Power      Damage    Failure   Level
a - Shock                 Conj/Air       12%        1d3       99%         1

Your spell library contained the following spells:

 Spells                   Type           Power      Damage    Failure   Level
 Apportation              Tloc           2%         N/A       100%        1
 Necrotise                Necr           4%         1d4       100%        1
 Summon Small Mammal      Summ           4%         N/A       100%        1
 Vhi's Electric Charge    Tloc/Air       6%         N/A       100%        3


Dungeon Overview and Level Annotations

Branches:
Dungeon (1/15)

Altars:


Message History

You start removing your armour.
You continue taking off your +0 leather armour. x4
You finish taking off your +0 leather armour.
You start putting on your armour.
You continue putting on your +0 chain mail. x5
You finish putting on your +0 chain mail.
You pick up a book of Cantrips and begin reading...
You add the spells Necrotise, Summon Small Mammal and Apportation to your library.
Casting: Shock (safe; 99% risk of failure)
Confirm with . or Enter, or press ? or * to list all spells.
Okay, then.
Found a stone staircase leading down.
Found 3 stones.
Found a stone staircase leading down.
An endoplasm comes into view.
The endoplasm moves out of view.
An endoplasm is nearby!
Casting: Shock (safe; 99% risk of failure)
Confirm with . or Enter, or press ? or * to list all spells.
Okay, then.
You hit the endoplasm but do no damage.
The endoplasm hits you but does no damage.
You hit the endoplasm but do no damage. The endoplasm hits you.
You completely miss the endoplasm.
The endoplasm hits you but does no damage.
You hit the endoplasm.
The endoplasm is severely wounded.
The endoplasm freezes you.
You are frozen.
The endoplasm hits you but does no damage.
You completely miss the endoplasm.
The endoplasm is severely wounded.
The endoplasm freezes you.
You are frozen.
* * * LOW HITPOINT WARNING * * *
You hit the endoplasm but do no damage.
The endoplasm is severely wounded.
The endoplasm freezes you.
You are frozen.
You die...

#######.####
#..........#
#..........#
#..........#
####..........#
#...........(.#
#.............#
..#.#.............#
......J@.##....####
..##...>....####
########.# #.# ...
##


You could see an endoplasm.

Vanquished Creatures
  A ball python (D:1)
  An endoplasm (D:1)
  A quokka (D:1)
3 creatures vanquished.

Notes
Turn   | Place    | Note
-------+----------+-------------------------------------------
     0 | D:1      | wingedge the Demonspawn Wanderer began the quest for the
                  | Orb.
     0 | D:1      | wingedge set off with the following items: a +0 club, a +0
                  | buckler, a scroll of teleportation, a +0 leather armour, a
                  | lightning rod (4/4); and the following spell memorised:
                  | Shock; and the following spells available to memorise:
                  | Vhi's Electric Charge.
     0 | D:1      | Reached XP level 1. HP: 13/13 MP: 3/3
   348 | D:1      | Frozen to death by an endoplasm

Illustrated notes

Levels and vault maps discovered:
D:1:      dpeg_arrival_boxorama, layout_basic, amethyst_killhole

Skill      XL: |  1 |
---------------+----+-----
Air Magic      | 2 |  2.0
Shields        | |  1.7
Spellcasting   | |  2.0
Conjurations   | |  0.6
Evocations     | |  4.0

Action                     || total
---------------------------++-------
  Melee: Whip              ||     6
         Club              ||     3
   Cast: Shock             ||     8
 Armour: Chain mail        ||     3
         Leather armour    ||     1
  Dodge: Dodged            ||     2
  Block: Buckler           ||     1
